 Dungeon Crawl Stone Soup version 0.31-a0-233-g139696dc86 (webtiles) character file.

Game seed: 17113226481491054583

40 qw the Shooter (level 3, -1/29 HPs)
             Began as a Minotaur Hexslinger on July 8, 2023.
             Slain by Sigmund
             ... wielding a +0 scythe
              (8 damage)
             ... on level 2 of the Dungeon.
             The game lasted 00:00:27 (1273 turns).

qw the Shooter (Minotaur Hexslinger)                Turns: 1273, Time: 00:00:28

Health: -1/29      AC:  6    Str: 12    XL:     3   Next: 30%
Magic:  3/3        EV: 11    Int: 10    God:
Gold:   109        SH:  0    Dex: 14    Spells: 3/4 levels left

rFire   . . .        Y - +1 sling
rCold   . . .        (no shield)
rNeg    . . .        h - +0 ring mail
rPois   .            (helmet restricted)
rElec   .            (no cloak)
rCorr   .            (no gloves)
SInv    .            b - +0 pair of boots
Will    .....        (no amulet) Stlth
                     (no ring)
HPRegen 0.24/turn    (no ring)
MPRegen 0.08/turn

%: no passive effects
@: confused
A: horns 2, retaliatory headbutt
a: no special abilities


You were on level 2 of the Dungeon.
You visited 1 branch of the dungeon, and saw 3 of its levels.

You collected 109 gold pieces.


Innate Abilities, Weirdness & Mutations

You have a pair of horns on your head.
You reflexively headbutt those who attack you in melee.


   Skills:
 - Level 2.1 Fighting
 + Level 3.8 Ranged Weapons
 - Level 2.1 Dodging
 - Level 1.0 Spellcasting
 - Level 2.0 Hexes


You had 3 spell levels left.
You knew the following spells:

 Your Spells              Type           Power      Damage    Failure   Level
a - Slow                  Hex            16%        N/A       34%         1

Your spell library contained the following spells:

 Spells                   Type           Power      Damage    Failure   Level
 Inner Flame              Hex/Fire       2%         N/A       83%         3
 Portal Projectile        Hex/Tloc       4%         N/A       83%         3
 Cause Fear               Hex            2%         N/A       98%         4

Inventory:

Hand Weapons
 Y - a +1 sling (weapon)
Armour
 b - a +0 pair of boots (worn)
 h - a +0 ring mail (worn)
Scrolls
 a - a scroll of teleportation
Potions
 c - a potion of attraction {unknown}
 d - a potion of curing {unknown}

Dungeon Overview and Level Annotations

Branches:
Dungeon (3/15)

Altars:

Annotations:
D:2 Sigmund


Message History

1259 ||| STAIRDANCE Sigmund hits you with a +0 scythe.
The hobgoblin hits you but does no damage.
You climb upwards.
There is a stone staircase leading down here.
You shoot a sling bullet.
The sling bullet closely misses Sigmund.
The hobgoblin barely misses you. Sigmund hits you with a +0 scythe.
You shoot a sling bullet.
The sling bullet closely misses Sigmund.
The hobgoblin hits you. Sigmund closely misses you.
You shoot a sling bullet.
The sling bullet hits Sigmund but does no damage.
Sigmund is moderately wounded.
The hobgoblin barely misses you. Sigmund hits you with a +0 scythe.
The hobgoblin barely misses you. You furiously retaliate!
You headbutt the hobgoblin!
You kill the hobgoblin!
You shoot a sling bullet. The sling bullet hits Sigmund.
Sigmund is heavily wounded.
You shoot a sling bullet. The sling bullet barely misses Sigmund.
Sigmund hits you but does no damage.
You shoot a sling bullet. The sling bullet hits Sigmund.
Sigmund is severely wounded.
Sigmund points at you and mumbles some strange words.
You are confused.
Sigmund hits you with a +0 scythe.
Sigmund points at you and mumbles some strange words.
You resist with significant effort. Sigmund barely misses you.
Sigmund gestures at you while chanting.
You are more confused.
Sigmund gestures wildly while chanting.
Sigmund flickers and vanishes!
Deactivating autopickup; reactivate with Ctrl-A.
You shoot a sling bullet.
You hear some strange, mumbled words.
A magic dart appears from out of thin air!
The magic dart hits you. Something hits you!
You die...

#.....##### #...........#
..###.....####...........#
..#######................#
............##...........#
#.##.######.#...###......#
..##..# #.....# #.#.####
#####.######...## #.#.######
# #...........###........# #
####.....##.@{.........#
##....###...........#
###....####.#........#
####......#....#........#
###....#....#.###..l......#
#...####...##.##..>b!.....#
#.### #...##.##..#.......#
##.# #..........#.......#
#..######...#.###..#########


There were no monsters in sight!

Vanquished Creatures
  2 adders
  A bat (D:1)
  2 endoplasms
  3 giant cockroaches
  A goblin (D:3)
  2 hobgoblins (D:2)
  A quokka (D:1)
  2 ball pythons (D:1)
  4 frilled lizards
  3 kobolds
  2 rats
23 creatures vanquished.

Notes
Turn   | Place    | Note
-------+----------+-------------------------------------------
     0 | D:1      | qw the Minotaur Hexslinger began the quest for the Orb.
     0 | D:1      | Reached XP level 1. HP: 16/16 MP: 1/1
     0 | D:1      | 0 ||| qw: Version: 0.3-a-46-gb1f654a
     0 | D:1      | 0 ||| qw: Game counter: 3425
     0 | D:1      | 0 ||| qw: Melee chars always use a shield: true
     0 | D:1      | 0 ||| qw: God list: Okawaru
     0 | D:1      | 0 ||| qw: Allow faded altars: false
     0 | D:1      | 0 ||| qw: Do Orc after clearing Dungeon:15 true
     0 | D:1      | 0 ||| qw: Do second Lair branch before Depths: true
     0 | D:1      | 0 ||| qw: Lair rune preference: random
     0 | D:1      | 0 ||| qw: Goals: Normal
     0 | D:1      | 0 ||| PLANNING D:1-11
   380 | D:1      | Reached skill level 3 in Ranged Weapons
   380 | D:1      | Reached XP level 2. HP: 23/23 MP: 2/2
   480 | D:1      | 480 ||| UPGRADING to +0 ring mail.
   490 | D:1      | 490 ||| DROPPING +0 robe.
   491 | D:1      | 491 ||| READING 2 scrolls labelled JIURAE HANIRI.
   495 | D:1      | 495 ||| READING scroll labelled XYAXTI LOAPS.
   496 | D:1      | 496 ||| READING scroll labelled GOASSEVVAO.
   497 | D:1      | 497 ||| DROPPING scroll of poison.
   523 | D:2      | 523 ||| STAIRDANCE
   586 | D:2      | Reached XP level 3. HP: 21/29 MP: 3/3
   963 | D:2      | 963 ||| UPGRADING to +0 pair of boots.
   968 | D:2      | 968 ||| READING scroll labelled SOJAOS UGYISK.
   969 | D:2      | 969 ||| READING scroll labelled DIRGHIC TITUKH.
   970 | D:2      | 970 ||| DRINKING 2 bubbling yellow potions.
   971 | D:2      | 971 ||| DROPPING potion of brilliance.
  1216 | D:3      | 1216 ||| READING scroll labelled YTTUCZ ATICUF.
  1253 | D:3      | Noticed Sigmund
  1259 | D:3      | 1259 ||| STAIRDANCE
  1273 | D:2      | HP: 7/29 [something/magic dart (6)]
  1273 | D:2      | Slain by Sigmund

Levels and vault maps discovered:
D:1:      dpeg_arrival_windows_large_door, layout_basic
D:2:      layout_rooms
D:3:      layout_basic, mainiacjoe_overflow_brackets, bh_walls_and_bars,
          uniq_sigmund, uniq_natasha

Skill      XL: |  1  2 |
---------------+-------+-----
Ranged Weapons | 3 |  3.8
Fighting       | 2 |  2.1
Dodging        | |  2.1
Spellcasting   | |  1.0
Hexes          | |  2.0

Action                     || total
---------------------------++-------
   Fire: Sling             ||    92
    Use: Scroll            ||     6
         Potion            ||     1
 Armour: Robe              ||     4
         Ring mail         ||    22
  Dodge: Dodged            ||    43

Table legend:
 A = Non-vault XP
 B = Vault XP
 C = Vault XP percentage of total XP
 D = Non-vault monster count
 E = Vault monster count
 F = Vault count percentage of total count
                 A         B        C        D         E       F
            +---------+---------+-------+---------+---------+-------
      Total |      58 |       0 |   0.0 |      23 |       0 |   0.0
            +---------+---------+-------+---------+---------+-------
        D:1 |      27 |       0 |   0.0 |      11 |       0 |   0.0
        D:2 |      27 |       0 |   0.0 |      10 |       0 |   0.0
        D:3 |       4 |       0 |   0.0 |       2 |       0 |   0.0
            +---------+---------+-------+---------+---------+-------
